 Dungeon Crawl Stone Soup version 0.29.1-15-g9cfb28693d (webtiles) character file.

Game seed: 18018262223740807794

1247 Gabide the Trooper (level 8, -2/84 HPs)
             Began as a Human Monk on Apr 16, 2023.
             Was a Believer of Hepliaklqana.
             Slain by a gnoll sergeant
             ... wielding a +6 vorpal trident
              (3 damage)
             ... on level 5 of the Dungeon.
             The game lasted 00:09:40 (5799 turns).

Gabide the Trooper (Human Monk)                     Turns: 5799, Time: 00:09:42

Health: -2/84      AC: 28    Str: 14    XL:     8   Next: 79%
Magic:  6/8        EV:  2    Int: 11    God:    Hepliaklqana [**....]
Gold:   181        SH:  0    Dex: 15    Spells: 7/7 levels left

rFire   + . .      SeeInvis .   a - +3 spear
rCold   . . .      Faith    .   (no shield)
rNeg    + . .      Spirit   .   (body armour currently unavailable)
rPois   +          Reflect  .   (helmet currently unavailable)
rElec   .          Harm     .   (cloak currently unavailable)
rCorr   .          Rampage  .   (gloves currently unavailable)
Will    +....      NoTele   +   (boots currently unavailable)
Stlth   ++........              (no amulet)
HPRegen 0.24/turn               g - ring of willpower
MPRegen 0.11/turn               q - ring "Kurhu" {rF+ rN+ AC+4}

@: tree-form
A: stationary, stasis, torment immunity, boosted hp, reduced essence
a: Renounce Religion, Recall Ancestor, Ancestor Identity


You were on level 5 of the Dungeon.
You worshipped Hepliaklqana.
Hepliaklqana was pleased with you.
You were a tree.
You visited 2 branches of the dungeon, and saw 6 of its levels.

You collected 181 gold pieces.

Inventory:

Hand Weapons
 a - a +3 spear (weapon)
 b - a +0 triple crossbow
Armour
 n - a +2 pair of gloves (melded)
 p - the +1 chain mail "Xamil" (melded) {rCorr}
   (You found it on level 2 of the Dungeon)

   rCorr:     It protects you from acid and corrosion.
Jewellery
 d - a ring of poison resistance
 g - a ring of willpower (left branch)
 h - a +6 ring of dexterity
 q - the ring "Kurhu" (right branch) {rF+ rN+ AC+4}
   (You found it on level 4 of the Dungeon)

   [ring of protection]

   AC:        It affects your AC (+4).
   rF:        It protects you from fire.
   rN:        It protects you from negative energy.
Scrolls
 e - 2 scrolls of immolation
 s - 2 scrolls of blinking
 t - a scroll of poison
 u - a scroll of magic mapping {unknown}
 v - a scroll of identify
Potions
 c - a potion of ambrosia
 f - a potion of curing
 i - 3 potions of lignification
 j - a potion of brilliance {unknown}
 k - 2 potions of haste
 l - 2 potions of resistance {unknown}
 m - 3 potions of cancellation
 o - a potion of heal wounds {unknown}
 r - 2 potions of mutation {unknown}
 w - 2 potions of flight {unknown}


   Skills:
 + Level 5.5 Fighting
 + Level 5.5 Polearms
 + Level 5.5 Armour
 + Level 5.5 Dodging
 - Level 2.0 Stealth


You had 7 spell levels left.
You didn't know any spells.
Your spell library contained the following spells:

 Spells                   Type           Power      Damage    Failure   Level
 Ozocubu's Armour         Ice            0%         N/A       71%         3
 Metabolic Englaciation   Hex/Ice        0%         N/A       100%        5
 Simulacrum               Ice/Necr       0%         N/A       100%        6


Dungeon Overview and Level Annotations

Branches:
Dungeon (5/15)             Temple (1/1) D:5

Altars:
Ashenzari
Cheibriados
Dithmenos
Elyvilon
Fedhas
Gozag
Hepliaklqana
Kikubaaqudgha
Makhleb
Nemelex Xobeh
Okawaru
Qazlal
Ru
Sif Muna
Trog
Uskayaw
Vehumet
Wu Jian
Xom
Yredelemnul
Zin
The Shining One

Annotations:
D:3 3 runed translucent doors, Eitelfritz's ghost, novice HOFi
D:5 3 runed translucent doors, sneaky's ghost, novice OpFE


Message History

You are too injured to fight recklessly!
You are too injured to fight recklessly!
You are too injured to fight recklessly!
You are too injured to fight recklessly!
You are too injured to fight recklessly!
You are too injured to fight recklessly!
You are too injured to fight recklessly!
You are too injured to fight recklessly!
You are too injured to fight recklessly!
You are too injured to fight recklessly!
You are too injured to fight recklessly!
You are too injured to fight recklessly!
You are too injured to fight recklessly!
Unknown command.
Aula is recalled.
The gnoll sergeant hits you but does no damage.
You feel better. The gnoll sergeant barely misses you.
Aula hits the gnoll with a +0 flail!
The gnoll dies!
You hit the gnoll sergeant but do no damage.
The gnoll sergeant is severely wounded.
The gnoll sergeant hits you with a +6 vorpal trident.
You hit the gnoll sergeant but do no damage.
The gnoll sergeant is severely wounded.
Aula closely misses the gnoll sergeant.
The gnoll sergeant hits you with a +6 vorpal trident!
* * * LOW HITPOINT WARNING * * *
Aula hits the gnoll sergeant but does no damage.
The gnoll sergeant hits you from afar with a +6 vorpal trident.
* * * LOW HITPOINT WARNING * * *
x2
Okay, then.
Really quaff the potion of lignification?
You turn into a tree.
Your +2 pair of gloves melds into your body.
The +1 chain mail "Xamil" {rCorr} melds into your body.
Your roots penetrate the ground.
The gnoll sergeant blocks Aula's attack.
The gnoll sergeant hits you from afar with a +6 vorpal trident!
* * * LOW HITPOINT WARNING * * *
You die...

#...#.......#.##.#####.##..#W..
###.######'#####...# #.....#g.#
....# #.##.#.......# #.##..#!).
##### #........#...# #.##..#..#
## ############.#####.##..#... .#
### #.R.....##..#... .# ##.##
##gg)####....####
.#########.#.####.#..<.g.g.).....
............#.##♣#####)##g#......
.#########..........##.##.##.####
.# ##.####.##.##.##.##.# .# #...#
##.#.#.###.##.# .# #.#.# ##...##
#.##.#### .# #.#.#
##.#####.##..... .# #.#.#
#............... .# #.#.#
#.############## .###### #.#.#
#.#


You could see the friendly Aula the knight, a gnoll sergeant (ally target) and a
gnoll.

Vanquished Creatures
  Grinder (D:3)
  A steam dragon (D:4)
  A water moccasin (D:5)
  An ice beast (D:5)
  2 ogres (D:4)
  A phantom (D:5)
  A scorpion (D:5)
  2 orc priests
  A gnoll bouda (D:4)
  An orc wizard (D:4)
  6 adders
  14 gnolls
  2 dart slugs
  14 orcs
  5 endoplasms
  2 giant cockroaches
  2 goblins
  8 hobgoblins
  3 jackals
  9 kobolds
  6 quokkas
  7 ball pythons
  5 bats
  2 frilled lizards
  A rat (D:2)
98 creatures vanquished.

Vanquished Creatures (collateral kills)
  3 gnolls (D:5)
  An orc (D:5)
4 creatures vanquished.

Grand Total: 102 creatures vanquished

Notes
Turn   | Place    | Note
-------+----------+-------------------------------------------
     0 | D:1      | Gabide the Human Monk began the quest for the Orb.
     0 | D:1      | Reached XP level 1. HP: 18/18 MP: 1/1
   195 | D:1      | Reached XP level 2. HP: 4/24 MP: 2/2
   466 | D:1      | Found a faded altar of an unknown god.
  1250 | D:2      | Reached XP level 3. HP: 29/29 MP: 3/3
  1871 | D:2      | Reached XP level 4. HP: 32/35 MP: 4/4
  2384 | D:2      | Found a sparkling altar of Nemelex Xobeh.
  2435 | D:2      | Identified the +1 chain mail "Xamil" {rCorr}
  2678 | D:3      | Found an opulent altar of Gozag.
  2679 | D:3      | Found a sparkling altar of Nemelex Xobeh.
  2696 | D:3      | Found a shimmering altar of Xom.
  2739 | D:3      | Noticed Grinder
  2961 | D:3      | Reached XP level 5. HP: 20/42 MP: 5/5
  3157 | D:3      | Reached skill level 1 in Armour
  3197 | D:3      | Killed Grinder
  3198 | D:3      | Reached XP level 6. HP: 24/48 MP: 6/6
  3376 | D:3      | Found a runed translucent gate.
  3376 | D:3      | Found a runed translucent gate.
  3376 | D:3      | Found a runed translucent gate.
  3377 | D:3      | Noticed Eitelfritz's ghost (novice HOFi)
  3998 | D:4      | Reached XP level 7. HP: 54/54 MP: 7/7
  4198 | D:4      | Noticed a steam dragon
  4536 | D:4      | Killed a steam dragon
  4670 | D:4      | Reached XP level 8. HP: 52/61 MP: 8/8
  4735 | D:4      | Identified the ring "Kurhu" {rF+ rN+ AC+4}
  4799 | D:5      | Entered Level 5 of the Dungeon
  4918 | D:4      | Reached skill level 5 in Fighting
  4918 | D:4      | Reached skill level 5 in Polearms
  4918 | D:4      | Reached skill level 5 in Armour
  4955 | D:5      | Reached skill level 5 in Dodging
  4957 | D:5      | Noticed sneaky's ghost (novice OpFE)
  5095 | D:5      | Found a runed translucent gate.
  5096 | D:5      | Found a runed translucent gate.
  5098 | D:5      | Found a runed translucent gate.
  5438 | D:5      | Found a staircase to the Ecumenical Temple.
  5457 | Temple   | Entered the Ecumenical Temple
  5457 | Temple   | Found a transporter.
  5457 | Temple   | Found a transporter.
  5459 | Temple   | Found a transporter.
  5459 | Temple   | Found a transporter.
  5477 | Temple   | Became a worshipper of Hepliaklqana the Forgotten
  5477 | Temple   | Reached * piety under Hepliaklqana
  5477 | Temple   | Reached ** piety under Hepliaklqana
  5478 | Temple   | Remembered your ancestor Aula as a knight
  5606 | D:5      | Found a sacrificial altar of Ru.
  5607 | D:5      | Found a shadowy altar of Dithmenos.
  5799 | D:5      | HP: 1/84 [gnoll sergeant/+6 vorpal trident (13)]
  5799 | D:5      | Slain by a gnoll sergeant

Illustrated notes

Levels and vault maps discovered:
D:1:      psy_arrival_terrarium, layout_loops_cross,
          shapermc_ecumenical_altar_mp_highgroup, ebering_dispersal_statue_hall
D:2:      layout_loops_corners, basic_altar
D:3:      minmay_general_purpose_star, layout_rooms,
          gammafunk_temple_overflow_forgotten, ebering_ghost_rock_garden,
          uniq_grinder
D:4:      minmay_clustersquares, layout_basic
D:5:      layout_loops_ring, nicolae_overflow_squiral, temple_green,
          gammafunk_ghost_split
Temple:   hellmonk_temple_divided_pantheon

Skill      XL: |  1  2  3  4  5  6  7  8 |
---------------+-------------------------+-----
Fighting       | 4 5 |  5.5
Polearms       | 4 5 |  5.5
Dodging        | 4 5 |  5.5
Armour         | 4 5 |  5.5
Stealth        | |  2.0

Action                   |  1- 3 |  4- 6 |  7- 9 || total
-------------------------+-------+-------+-------++-------
Melee: Spear             |   139 |   128 |   160 ||   427
       Punch             |       |     2 |     3 ||     5
 Fire: Triple crossbow   |       |     9 |    42 ||    51
Throw: Throwing net      |       |     2 |     1 ||     3
Invok: Recall Ancestor   |       |       |     1 ||     1
       Ancestor Life: Kn |       |       |     1 ||     1
       Ancestor Identity |       |       |     1 ||     1
  Use: Scroll            |       |    10 |     4 ||    14
       Potion            |       |     1 |     5 ||     6
 Stab: Sleeping          |     6 |       |       ||     6
       Distracted        |     1 |       |       ||     1
       Held in net/web   |       |       |     1 ||     1
Armor: Robe              |    13 |       |       ||    13
       Chain mail        |       |    44 |    87 ||   131
       Leather armour    |       |     3 |       ||     3
Dodge: Dodged            |    74 |    37 |    59 ||   170
